[Event "Titled Tuesday Blitz August 1 Early 2023"]
[White "Mika, Tomasz"]
[Black "Golubev, Mikhail"]
[WhiteFideId "1132970"]
[BlackFideId "14100983"]
[WhiteElo "2390"]
[BlackElo "2528"]
[Result "0-1"]
[Round "6"]
[TimeControl "180+1"]
[Date "2023.08.01"]
[WhiteClock "0:00:06"]
[BlackClock "0:00:20"]
[Board "154"]

1. e4 c5 2. Nf3 d6 3. d4 cxd4 4. Nxd4 Nf6 5. Nc3 g6 6. Be3 Bg7 7. f3 Nc6 8. Qd2 O-O 9. O-O-O d5 10. Nxc6 bxc6 11. Bc4 e6 12. Bb3 Bb7 13. Na4 Qc7 14. Nc5 a5 15. Bh6 Bxh6 16. Qxh6 a4 17. Nxa4 c5 18. e5 Nd7 19. c4 dxc4 20. Bc2 Nxe5 21. h4 Nd3+ 22. Kb1 Qe5 23. h5 Rxa4 24. Bxd3 cxd3 25. hxg6 Qg7 26. gxh7+ Kh8 27. Qe3 Rb4 28. b3 Qd4 29. Qh6 Ra8 30. Rh4 Rxb3+ 0-1


[Site "https://www.chess.com"]

[Event "Titled Tuesday Blitz August 1 Early 2023"]
[White "Rosenberg, Evan S"]
[Black "Streltsov, Alexey"]
[WhiteFideId "2019299"]
[BlackFideId "24104434"]
[WhiteElo "2389"]
[BlackElo "2520"]
[Result "1-0"]
[Round "6"]
[TimeControl "180+1"]
[Date "2023.08.01"]
[WhiteClock "0:01:18"]
[BlackClock "0:02:25"]
[Board "155"]

1. e4 c6 2. Nf3 d5 3. d3 g6 4. Nbd2 Bg7 5. g3 e5 6. Bg2 h6 7. O-O Be6 8. Re1 Nd7 9. c3 Ngf6 10. exd5 cxd5 11. Nxe5 Nxe5 12. Rxe5 Ne4 13. Rxe6+ fxe6 14. dxe4 O-O 15. exd5 exd5 16. Nb3 Kh7 17. Be3 Qf6 18. Qxd5 Rae8 19. Rf1 b6 20. h4 Rd8 21. Qb7 Rf7 22. Qe4 Re7 23. Qc2 Qd6 24. h5 Be5 25. hxg6+ Kg7 26. Bd4 Qxg6 27. Qxg6+ Kxg6 28. Re1 Rde8 29. Bc6 Bxd4 30. Bxe8+ 1-0


[Site "https://www.chess.com"]

[Event "Titled Tuesday Blitz August 1 Early 2023"]
[White "Malka, Samuel"]
[Black "Mikhalsky, Vladimir"]
[WhiteFideId "20643675"]
[BlackFideId "14144352"]
[WhiteElo "2519"]
[BlackElo "2384"]
[Result "0-1"]
[Round "6"]
[TimeControl "180+1"]
[Date "2023.08.01"]
[WhiteClock "0:00:11"]
[BlackClock "0:00:29"]
[Board "156"]

1. d4 Nf6 2. c4 g6 3. Nc3 Bg7 4. e4 O-O 5. Nf3 d6 6. Be2 e5 7. O-O Nc6 8. d5 Ne7 9. Ne1 Nd7 10. Nd3 f5 11. f3 f4 12. Nf2 g5 13. b4 a5 14. bxa5 h5 15. Kh1 Ng6 16. a4 Rf7 17. Ba3 Bf8 18. c5 Nxc5 19. Bxc5 dxc5 20. d6 Be6 21. dxc7 Qxc7 22. Nd5 Qxa5 23. Bc4 Rd8 24. Qb3 g4 25. fxg4 hxg4 26. Nxg4 Kg7 27. Nf2 Bxd5 28. Bxd5 Rfd7 29. Rfd1 Qb4 30. Qxb4 cxb4 31. Nd3 Rxd5 32. exd5 e4 33. Nf2 e3 34. Ne4 Ne5 35. Kg1 Kg6 36. a5 Kf5 37. Rd4 b3 38. Rb1 Rc8 39. d6 b2 40. d7 Nxd7 41. Rxd7 Kxe4 42. h4 Rc1+ 43. Rd1 Rxd1+ 44. Rxd1 e2 45. Rb1 Bc5+ 46. Kh2 Bf2 47. h5 e1=Q 48. Rxe1+ Bxe1 0-1


[Site "https://www.chess.com"]

[Event "Titled Tuesday Blitz August 1 Early 2023"]
[White "Shapiro, Viktor"]
[Black "Eggleston, Thomas A"]
[WhiteFideId "4175700"]
[BlackFideId "412139"]
[WhiteElo "2515"]
[BlackElo "2381"]
[Result "1-0"]
[Round "6"]
[TimeControl "180+1"]
[Date "2023.08.01"]
[WhiteClock "0:00:41"]
[BlackClock "0:00:09"]
[Board "157"]

1. c4 e6 2. Nc3 d5 3. d4 Nf6 4. Nf3 Be7 5. Bg5 h6 6. Bh4 c6 7. e3 O-O 8. Qc2 dxc4 9. Bxc4 Nd5 10. Bg3 b5 11. Nxd5 exd5 12. Bd3 Bb4+ 13. Nd2 Qa5 14. a3 Bb7 15. Rd1 Be7 16. O-O Nd7 17. Nb3 Qb6 18. Rc1 a5 19. Bf5 Rfd8 20. Rfd1 a4 21. Nc5 Nxc5 22. dxc5 Qa5 23. Be5 Bc8 24. Bd3 Be6 25. Bc3 Qc7 26. Bd4 Qa5 27. f4 Bg4 28. Rf1 f6 29. Bh7+ Kh8 30. Bg6 Be6 31. Rf3 Bg8 32. Rh3 Qc7 33. g4 Bf8 34. g5 fxg5 35. Rxh6+ Bh7 36. Rxh7+ Kg8 37. Qg2 gxf4 38. Qh3 fxe3 39. Rh8# 1-0


[Site "https://www.chess.com"]

[Event "Titled Tuesday Blitz August 1 Early 2023"]
[White "Rodchenkov, Sergey D."]
[Black "Buscar, Michael"]
[WhiteFideId "4168712"]
[BlackFideId "2603616"]
[WhiteElo "2508"]
[BlackElo "2380"]
[Result "0-1"]
[Round "6"]
[TimeControl "180+1"]
[Date "2023.08.01"]
[WhiteClock "0:01:45"]
[BlackClock "0:00:14"]
[Board "158"]

1. e4 c5 2. Nf3 Nc6 3. d4 cxd4 4. Nxd4 Nf6 5. Nc3 e5 6. Ndb5 h6 7. Nd5 Nxd5 8. exd5 a6 9. Nc3 Nd4 10. Be3 Nf5 11. Qf3 Nxe3 12. fxe3 d6 13. Bd3 Qh4+ 14. g3 Qg4 15. Qf2 Be7 16. Be2 Qf5 17. Qxf5 Bxf5 18. Kd2 O-O 19. a4 Bd7 20. a5 Rac8 21. Rhf1 f5 22. b4 e4 23. Nd1 Bf6 24. c3 Be5 25. Ra3 g5 26. Nb2 Bb5 27. Bxb5 axb5 28. Nd1 f4 29. exf4 gxf4 30. gxf4 Bxf4+ 31. Ke2 Bxh2 32. Rh1 Bf4 33. Nf2 Rfe8 34. Ng4 Kg7 35. a6 bxa6 36. Rxa6 Rxc3 37. Ra7+ Kg6 38. Rg1 Rc2+ 39. Kf1 Rc1+ 40. Kg2 Rxg1+ 41. Kxg1 Kg5 42. Nf2 e3 43. Nd3 e2 44. Kf2 Bg3+ 45. Kxg3 Re3+ 46. Kf2 Rxd3 47. Kxe2 Rxd5 48. Rg7+ Kf6 49. Rg4 h5 50. Rh4 Kg5 51. Re4 Re5 52. Kf3 Rxe4 53. Kxe4 h4 54. Kd5 h3 55. Kxd6 h2 56. Kc5 h1=Q 57. Kxb5 Qb7+ 58. Kc5 Kf6 59. b5 Ke7 60. b6 Kd7 61. Kb5 Kd6 62. Ka5 Kc6 63. Kb4 Qxb6+ 64. Ka3 Kc5 65. Ka4 Qb4# 0-1


[Site "https://www.chess.com"]

[Event "Titled Tuesday Blitz August 1 Early 2023"]
[White "Llanos, Guillermo"]
[Black "Gutkin, Ilya"]
[WhiteFideId "100358"]
[BlackFideId "16203470"]
[WhiteElo "2377"]
[BlackElo "2497"]
[Result "1-0"]
[Round "6"]
[TimeControl "180+1"]
[Date "2023.08.01"]
[WhiteClock "0:00:40"]
[BlackClock "0:00:00"]
[Board "159"]

1. b3 e5 2. Bb2 Nc6 3. e3 Nf6 4. Nf3 Bd6 5. d4 exd4 6. Nxd4 Nxd4 7. Bxd4 Qe7 8. Be2 Be5 9. c4 d6 10. Nc3 O-O 11. Bxe5 dxe5 12. Qc2 c6 13. O-O Be6 14. Rfd1 Rfd8 15. Ne4 Bf5 16. Nxf6+ Qxf6 17. Qc3 Qe7 18. Bf3 f6 19. h3 Rxd1+ 20. Rxd1 Rd8 21. Rxd8+ Qxd8 22. Qb4 Qd7 23. Qc5 a6 24. Qb6 Kf7 25. a4 g5 26. b4 Kg6 27. b5 axb5 28. cxb5 cxb5 29. axb5 e4 30. Be2 h5 31. Qc5 Qd2 32. Bxh5+ Kxh5 33. Qxf5 Qd1+ 34. Kh2 Qd6+ 35. g3 Qe7 36. b6 Kh6 37. Qd5 Kg6 38. g4 Qb4 39. Qxb7 Qb2 40. Qxe4+ Kf7 41. Qd5+ Kg6 42. Qd3+ 1-0


[Site "https://www.chess.com"]

[Event "Titled Tuesday Blitz August 1 Early 2023"]
[White "Lopez Gracia, Fernando"]
[Black "Dushyant Sharma"]
[WhiteFideId "2207184"]
[BlackFideId "25065130"]
[WhiteElo "2373"]
[BlackElo "2493"]
[Result "0-1"]
[Round "6"]
[TimeControl "180+1"]
[Date "2023.08.01"]
[WhiteClock "0:00:00"]
[BlackClock "0:00:28"]
[Board "160"]

1. e4 d5 2. exd5 Nf6 3. Bb5+ c6 4. dxc6 Nxc6 5. Nf3 Bg4 6. h3 Bh5 7. g4 Bg6 8. Nc3 e6 9. Ne5 Qc7 10. Nxc6 bxc6 11. Be2 Bb4 12. a3 Ba5 13. b4 Bb6 14. d3 Nd5 15. Nxd5 cxd5 16. c4 Bd4 17. Qa4+ Ke7 18. Ra2 dxc4 19. dxc4 Bb1 20. Rd2 Bc3 21. O-O Bxd2 22. Bxd2 Be4 23. Be3 f6 24. g5 e5 25. Rd1 Rhd8 26. Rxd8 Rxd8 27. Bc5+ Kf7 28. Qxa7 Qxa7 29. Bxa7 Ra8 30. Bb6 Rxa3 31. Kh2 f5 32. c5 f4 33. Bg4 Ra1 34. f3 Bc6 35. Kg2 Rb1 36. Ba5 Rb2+ 37. Kf1 e4 38. fxe4 Bxe4 39. c6 Bxc6 40. Be2 f3 41. Bc4+ Kg6 42. Bd3+ Kxg5 43. Bd8+ Kf4 44. Be7 Ke3 45. Bxh7 Bb5+ 46. Ke1 f2+ 0-1


[Site "https://www.chess.com"]

[Event "Titled Tuesday Blitz August 1 Early 2023"]
[White "Girya, Olga"]
[Black "Gu, Xiaobing"]
[WhiteFideId "4195752"]
[BlackFideId "8602611"]
[WhiteElo "2490"]
[BlackElo "2373"]
[Result "0-1"]
[Round "6"]
[TimeControl "180+1"]
[Date "2023.08.01"]
[WhiteClock "0:00:03"]
[BlackClock "0:00:14"]
[Board "161"]

1. d4 Nf6 2. Nf3 g6 3. Bg5 Bg7 4. Nbd2 h6 5. Bxf6 Bxf6 6. e4 d6 7. Bc4 c5 8. e5 Bg7 9. c3 cxd4 10. cxd4 Nc6 11. Qe2 Bg4 12. Bb5 dxe5 13. dxe5 O-O 14. Bxc6 bxc6 15. O-O Rb8 16. h3 Bf5 17. Rfc1 Rxb2 18. Rxc6 Qd5 19. Rac1 Rd8 20. g4 Bd3 21. Qe3 Qxa2 22. Rc8 Qd5 23. Rxd8+ Qxd8 24. Qxa7 Kh7 25. Qe3 Ba6 26. Rd1 Bb7 27. Re1 Qd5 28. Kh2 Rxd2 29. Qxd2 Qxf3 30. Rg1 Bxe5+ 0-1


[Site "https://www.chess.com"]

[Event "Titled Tuesday Blitz August 1 Early 2023"]
[White "Tokman, Ariel"]
[Black "Luong Phuong Hanh"]
[WhiteFideId "117420"]
[BlackFideId "12401013"]
[WhiteElo "2489"]
[BlackElo "2366"]
[Result "1-0"]
[Round "6"]
[TimeControl "180+1"]
[Date "2023.08.01"]
[WhiteClock "0:01:20"]
[BlackClock "0:01:18"]
[Board "162"]

1. b3 e5 2. Bb2 d6 3. e3 g6 4. d4 Bg7 5. dxe5 Nc6 6. Nf3 Nge7 7. Bb5 O-O 8. O-O dxe5 9. e4 Bg4 10. Nbd2 Nd4 11. Bd3 Nec6 12. h3 Be6 13. Nxd4 exd4 14. f4 f5 15. Ba3 Rf7 16. Qe2 Qd7 17. Rae1 Re8 18. exf5 gxf5 19. Qh5 Bf8 20. Bxf8 Rexf8 21. Nf3 Rg7 22. Rxe6 Qxe6 23. Bc4 Qxc4 24. bxc4 Kh8 25. Ng5 Rf6 26. Re1 1-0


[Site "https://www.chess.com"]

[Event "Titled Tuesday Blitz August 1 Early 2023"]
[White "Lopez Del Alamo, Antonio"]
[Black "Kaplan, Avi Harrison"]
[WhiteFideId "2227339"]
[BlackFideId "30934559"]
[WhiteElo "2365"]
[BlackElo "2489"]
[Result "0-1"]
[Round "6"]
[TimeControl "180+1"]
[Date "2023.08.01"]
[WhiteClock "0:00:00"]
[BlackClock "0:00:57"]
[Board "163"]

1. e4 b6 2. d3 Bb7 3. Nf3 e6 4. h4 c5 5. h5 h6 6. g3 d5 7. Nbd2 dxe4 8. dxe4 Nf6 9. Bd3 c4 10. Bxc4 Nxe4 11. Bb5+ Ke7 12. Qe2 Nxd2 13. Bxd2 Qd5 14. Bb4+ Kf6 15. Bc3+ Ke7 16. Bb4+ Kf6 17. Bc3+ e5 18. Qxe5+ Qxe5+ 19. Bxe5+ Kf5 20. Bd3+ Kg4 21. Nh2+ Kh3 22. Bf1+ Bg2 23. Bxg2+ Kxg2 24. O-O-O Nc6 25. Bf4 Bc5 26. Ng4 Kf3 27. Nh2+ Ke4 28. Rhe1+ Kf5 29. Bd6 Rad8 30. g4+ Kf6 31. Bxc5 bxc5 32. f4 g6 33. hxg6 fxg6 34. Nf3 h5 35. gxh5 gxh5 36. Ng5 h4 37. Re6+ Kf5 38. Rxc6 Rxd1+ 39. Kxd1 Kxf4 40. Rxc5 Rg8 41. Ne6+ Ke3 42. Re5+ Kf3 43. Rh5 Ke3 44. Ng5 Kf4 45. c4 Kg4 0-1


[Site "https://www.chess.com"]

[Event "Titled Tuesday Blitz August 1 Early 2023"]
[White "Ljukin, Sergei"]
[Black "Shapiro, Daniel"]
[WhiteFideId "14102200"]
[BlackFideId "2001780"]
[WhiteElo "2488"]
[BlackElo "2359"]
[Result "1-0"]
[Round "6"]
[TimeControl "180+1"]
[Date "2023.08.01"]
[WhiteClock "0:00:18"]
[BlackClock "0:00:06"]
[Board "164"]

1. e4 c5 2. Nf3 d6 3. d4 cxd4 4. Nxd4 Nf6 5. Nc3 Nc6 6. Bc4 Qb6 7. Nb3 e6 8. Bg5 Be7 9. Bxf6 gxf6 10. Qh5 a6 11. Rf1 Ne5 12. Be2 Qc7 13. f4 Nc4 14. Bxc4 Qxc4 15. O-O-O b5 16. f5 b4 17. Na4 Qxe4 18. fxe6 Bxe6 19. Rde1 Qg6 20. Qf3 Rc8 21. Nd4 O-O 22. g4 Rc4 23. Nf5 Bd8 24. Nb6 Bxb6 25. Ne7+ Kg7 26. Nxg6 hxg6 27. Qxf6+ Kg8 28. Rxe6 Bd4 29. Qf3 1-0


[Site "https://www.chess.com"]

[Event "Titled Tuesday Blitz August 1 Early 2023"]
[White "Kiremitciyan, Ari"]
[Black "Nithyalakshmi, Sivanesan"]
[WhiteFideId "6373445"]
[BlackFideId "5706955"]
[WhiteElo "2487"]
[BlackElo "2352"]
[Result "1-0"]
[Round "6"]
[TimeControl "180+1"]
[Date "2023.08.01"]
[WhiteClock "0:02:31"]
[BlackClock "0:02:04"]
[Board "165"]

1. b3 Nf6 2. Bb2 g6 3. Bxf6 exf6 4. c4 Bg7 5. Nc3 O-O 6. g3 f5 7. Rc1 c6 8. Bg2 d6 9. e3 Re8 10. Nge2 Na6 11. O-O Nb4 12. d4 d5 13. a3 Na6 14. cxd5 c5 15. dxc5 Nxc5 16. b4 Ne4 17. Nxe4 fxe4 18. Nc3 f5 19. Nb5 Be5 20. d6 Rf8 21. Qd5+ 1-0


[Site "https://www.chess.com"]

[Event "Titled Tuesday Blitz August 1 Early 2023"]
[White "Bashirli, Saadat"]
[Black "Bettalli, Francesco"]
[WhiteFideId "13429990"]
[BlackFideId "2816453"]
[WhiteElo "2348"]
[BlackElo "2478"]
[Result "0-1"]
[Round "6"]
[TimeControl "180+1"]
[Date "2023.08.01"]
[WhiteClock "0:00:08"]
[BlackClock "0:02:16"]
[Board "166"]

1. d4 Nf6 2. e3 c5 3. c3 e6 4. Bd3 b6 5. f4 Bb7 6. Nf3 d6 7. O-O Nbd7 8. Nbd2 Be7 9. Qe2 Qc7 10. b3 e5 11. fxe5 dxe5 12. dxe5 Nxe5 13. Nxe5 Qxe5 14. Nc4 Qc7 15. Bb2 O-O 16. e4 Rfe8 17. e5 Nd5 18. a4 Bf8 19. Rae1 a6 20. Qh5 g6 21. Qh4 b5 22. axb5 axb5 23. Na3 c4 24. bxc4 Bxa3 25. Bxa3 bxc4 26. Bb2 cxd3 27. c4 d2 28. Re2 Qc5+ 29. Bd4 Qxc4 30. Rxd2 Ra2 31. Rxa2 Qxa2 32. e6 f6 33. Bxf6 Nxf6 34. Qg3 Qxe6 35. Rb1 Bd5 36. Rd1 Qe3+ 37. Qxe3 Rxe3 38. Kf2 Ng4+ 39. Kg1 Be4 40. h3 Ne5 41. Rd8+ Kg7 42. Rc8 Rg3 43. Rc7+ Kh6 44. Kf2 Rxg2+ 45. Ke3 Bf5 46. Kf4 Nd3+ 47. Ke3 Rg3+ 48. Kd4 Rxh3 49. Re7 Nf4 50. Ke5 Re3+ 51. Kd6 Rxe7 52. Kxe7 g5 53. Kf6 g4 54. Kxf5 g3 55. Kxf4 g2 56. Kf3 g1=Q 57. Kf4 Qg6 58. Ke5 Kg7 59. Kd4 h5 60. Kd5 h4 61. Ke5 h3 62. Kd5 h2 63. Kc5 h1=Q 64. Kb5 Qc1 65. Kb4 Qb6+ 66. Ka4 Qa1# 0-1


[Site "https://www.chess.com"]

[Event "Titled Tuesday Blitz August 1 Early 2023"]
[White "Kovalevsky, Stanislav"]
[Black "Gueci, Tea"]
[WhiteFideId "13508598"]
[BlackFideId "872342"]
[WhiteElo "2478"]
[BlackElo "2339"]
[Result "1-0"]
[Round "6"]
[TimeControl "180+1"]
[Date "2023.08.01"]
[WhiteClock "0:00:16"]
[BlackClock "0:00:23"]
[Board "167"]

1. c4 e5 2. Nc3 Nf6 3. g3 Bb4 4. Bg2 O-O 5. e4 c6 6. Nge2 Na6 7. O-O Nc7 8. d4 exd4 9. Qxd4 Ne6 10. Qd1 d6 11. h3 Re8 12. f4 Nc5 13. e5 dxe5 14. Qxd8 Rxd8 15. fxe5 Nfd7 16. Bf4 Re8 17. a3 Bxc3 18. Nxc3 Nd3 19. e6 fxe6 20. Bd6 N3e5 21. c5 Nf7 22. Ne4 b6 23. Rxf7 Kxf7 24. Rf1+ Kg8 25. Ng5 Ba6 26. Rf7 Nxc5 27. Be5 Bd3 28. Rxg7+ Kf8 29. Bxc6 Rad8 30. b4 Re7 31. bxc5 Rxg7 32. Bxg7+ Kxg7 33. Nxe6+ Kf6 34. Nxd8 bxc5 35. Nb7 c4 36. Bb5 Ke5 37. Na5 Kd4 38. Kf2 c3 39. Bxd3 Kxd3 40. g4 c2 41. Nb3 Kc3 42. Nc1 Kb2 43. Ne2 c1=Q 44. Nxc1 Kxc1 45. g5 Kb2 46. h4 Kb3 47. h5 Kxa3 48. g6 hxg6 49. hxg6 a5 50. g7 a4 51. g8=Q Kb2 52. Qb8+ Kc3 53. Qc7+ Kb3 54. Qb6+ Ka3 55. Ke2 Ka2 56. Kd2 a3 57. Kc2 Ka1 58. Qb1# 1-0


[Site "https://www.chess.com"]

[Event "Titled Tuesday Blitz August 1 Early 2023"]
[White "Van den Dikkenberg, Erik"]
[Black "MFatigue"]
[WhiteFideId "1005880"]
[WhiteElo "2337"]
[BlackElo "2471"]
[Result "0-1"]
[Round "6"]
[TimeControl "180+1"]
[Date "2023.08.01"]
[WhiteClock "0:01:47"]
[BlackClock "0:02:20"]
[Board "168"]

1. e4 e6 2. d4 d5 3. Nd2 Nf6 4. e5 Nfd7 5. Bd3 c5 6. c3 Nc6 7. Ngf3 Be7 8. O-O g5 9. Qe2 g4 10. Ne1 h5 11. f4 cxd4 12. Kh1 dxc3 13. bxc3 Nc5 14. Bc2 Qa5 15. Bb2 Bd7 16. Nb3 Qb6 17. Nd3 Ne4 18. a4 h4 19. a5 Ng3+ 20. hxg3 hxg3# 0-1


[Site "https://www.chess.com"]

[Event "Titled Tuesday Blitz August 1 Early 2023"]
[White "Georg, Heinz"]
[Black "D`Arruda, Ricardo D."]
[WhiteFideId "4607295"]
[BlackFideId "100692"]
[WhiteElo "2316"]
[BlackElo "2469"]
[Result "0-1"]
[Round "6"]
[TimeControl "180+1"]
[Date "2023.08.01"]
[WhiteClock "0:00:01"]
[BlackClock "0:00:48"]
[Board "169"]

1. e4 c5 2. Nf3 Nc6 3. Bb5 g6 4. c3 Bg7 5. O-O Nf6 6. e5 Nd5 7. d4 cxd4 8. cxd4 O-O 9. Nc3 Nxc3 10. bxc3 d6 11. exd6 exd6 12. h3 Bd7 13. a4 Rc8 14. Ba3 Qc7 15. Re1 Rfe8 16. Qd2 Na5 17. Rxe8+ Rxe8 18. Re1 Nc4 19. Rxe8+ Bxe8 20. Bxc4 Qxc4 21. Bxd6 Bxa4 22. Qe3 Qe6 23. Qf4 Bc6 24. Ng5 Qd5 25. f3 h6 26. Ne4 f5 27. Ng3 g5 28. Qxf5 Qxd6 29. Nh5 Be8 30. Ng3 Qxg3 0-1


[Site "https://www.chess.com"]

[Event "Titled Tuesday Blitz August 1 Early 2023"]
[White "Ronka, Erik"]
[Black "Levitan, Caleb Levi"]
[WhiteFideId "505080"]
[BlackFideId "14332620"]
[WhiteElo "2467"]
[BlackElo "2313"]
[Result "1-0"]
[Round "6"]
[TimeControl "180+1"]
[Date "2023.08.01"]
[WhiteClock "0:00:04"]
[BlackClock "0:00:00"]
[Board "170"]

1. d4 d5 2. c4 e6 3. Nc3 a6 4. Nf3 Nf6 5. cxd5 exd5 6. Bg5 Be6 7. e3 Nbd7 8. Bd3 Bd6 9. O-O c6 10. Rb1 Qc7 11. b4 O-O 12. a4 Bg4 13. h3 Bh5 14. Be2 h6 15. Bxf6 Nxf6 16. Qd2 Qe7 17. b5 axb5 18. axb5 Bb4 19. Qb2 Bxc3 20. Qxc3 Ra2 21. Rb2 Ne4 22. Qc2 Rxb2 23. Qxb2 c5 24. dxc5 Qxc5 25. Rc1 Qd6 26. Nd4 Bxe2 27. Nxe2 Rd8 28. Nd4 Qf6 29. Rc7 Rb8 30. Qc2 g6 31. Nf3 Ra8 32. Rxb7 Ra1+ 33. Kh2 Qd6+ 34. g3 Rf1 35. Qc7 Rxf2+ 36. Kg1 Qxc7 37. Rxc7 Rxf3 38. Rc8+ Kg7 39. b6 Rxg3+ 40. Kh2 Rxe3 41. b7 Rb3 42. b8=Q Rxb8 43. Rxb8 Kf6 44. Kg2 Ke5 45. Kf3 f5 46. Rb6 Ng5+ 47. Kg3 f4+ 48. Kg4 Ne6 49. Kf3 h5 50. h4 Nd4+ 51. Kf2 Kf5 52. Rd6 Kg4 53. Rxd5 Nf5 54. Ra5 Nxh4 55. Ra4 Nf5 56. Ra5 g5 57. Ra1 h4 58. Rg1+ Ng3 59. Rb1 h3 60. Kg1 Kh4 61. Kh2 g4 62. Rb4 Nh5 63. Ra4 g3+ 64. Kg1 Kg4 65. Ra8 h2+ 66. Kh1 Kf3 67. Ra3+ Kg4 68. Kg2 f3+ 69. Kh1 Kh3 70. Rxf3 Kg4 71. Ra3 1-0


[Site "https://www.chess.com"]

[Event "Titled Tuesday Blitz August 1 Early 2023"]
[White "Martin, Lewis"]
[Black "Kazakov, Mikhail"]
[WhiteFideId "410551"]
[BlackFideId "14102749"]
[WhiteElo "2278"]
[BlackElo "2466"]
[Result "1-0"]
[Round "6"]
[TimeControl "180+1"]
[Date "2023.08.01"]
[WhiteClock "0:00:39"]
[BlackClock "0:00:00"]
[Board "171"]

1. e4 d6 2. Nf3 Nf6 3. Nc3 c5 4. d4 cxd4 5. Nxd4 a6 6. h3 e6 7. g4 Be7 8. Bg2 O-O 9. O-O Nc6 10. Be3 Bd7 11. g5 Ne8 12. f4 Nxd4 13. Bxd4 Bc6 14. Qg4 Nc7 15. Rad1 Qc8 16. f5 e5 17. Be3 f6 18. g6 hxg6 19. Qxg6 Qe8 20. Qg4 Kh7 21. Kh2 Rh8 22. Bf3 Kg8 23. Rg1 Qf8 24. Rg2 Qf7 25. Rdg1 Ne8 26. h4 Bf8 27. h5 Rh7 28. Rg3 Rc8 29. h6 Kh8 30. Rh3 b5 31. Qg6 Qxg6 32. fxg6 Rxh6 33. Bxh6 gxh6 34. Bg4 Rc7 35. Be6 Bg7 36. Bf7 Re7 37. Rh4 Nc7 38. Nd1 d5 39. Ne3 Bd7 40. exd5 Ne8 41. b3 Nd6 42. c4 Nxf7 43. gxf7 Rxf7 44. c5 f5 45. c6 Be8 46. Rc1 1-0


[Site "https://www.chess.com"]

[Event "Titled Tuesday Blitz August 1 Early 2023"]
[White "Yashmetov, Mikhail"]
[Black "Joshi, Pankaj"]
[WhiteFideId "24198900"]
[BlackFideId "5006210"]
[WhiteElo "2460"]
[BlackElo "2279"]
[Result "1-0"]
[Round "6"]
[TimeControl "180+1"]
[Date "2023.08.01"]
[WhiteClock "0:00:09"]
[BlackClock "0:00:06"]
[Board "172"]

1. d4 Nf6 2. c4 g6 3. Nf3 Bg7 4. g3 O-O 5. Bg2 d6 6. Nc3 Nc6 7. d5 Na5 8. b3 Nxd5 9. Nxd5 Bxa1 10. Bd2 c6 11. Qxa1 cxd5 12. Bh6 f6 13. Ng5 Re8 14. Bxd5+ e6 15. Bf3 Qe7 16. Ne4 e5 17. h4 Nc6 18. h5 Nd4 19. Qc3 g5 20. g4 Be6 21. Rh3 Rac8 22. e3 d5 23. Nd2 dxc4 24. bxc4 Qb4 25. Qxb4 Nc2+ 26. Ke2 Nxb4 27. Bxb7 Rc7 28. Be4 Bxc4+ 29. Kf3 Be6 30. Kg3 Nxa2 31. Rh1 Nc3 32. Bf3 Kf7 33. Ra1 Nd5 34. Ne4 Ne7 35. Nd6+ Kg8 36. Nxe8 Rc8 37. Nxf6+ Kf7 38. Ne4 Ng8 39. Nd6+ Ke7 40. Nxc8+ Bxc8 41. Rxa7+ Ke6 42. Rxh7 Nxh6 43. Rxh6+ Kd7 44. Rg6 Kc7 45. Rxg5 1-0


[Site "https://www.chess.com"]

[Event "Titled Tuesday Blitz August 1 Early 2023"]
[White "favesaul"]
[Black "Daniel_Salinas"]
[WhiteElo "2460"]
[BlackElo "2257"]
[Result "1/2-1/2"]
[Round "6"]
[TimeControl "180+1"]
[Date "2023.08.01"]
[WhiteClock "0:00:03"]
[BlackClock "0:00:05"]
[Board "173"]

1. e4 c6 2. d4 d5 3. e5 c5 4. dxc5 e6 5. a3 Bxc5 6. b4 Be7 7. Qg4 g6 8. Bb2 a5 9. b5 Nd7 10. h4 h5 11. Qf4 Qc7 12. Bd3 Nc5 13. Nc3 Nxd3+ 14. cxd3 Nh6 15. Rc1 Qd8 16. Nf3 Bd7 17. a4 Nf5 18. g3 Bf8 19. Ne2 Bh6 20. Ng5 O-O 21. Ba3 Re8 22. g4 hxg4 23. Qxg4 Kg7 24. Kf1 Rh8 25. Kg2 Nxh4+ 26. Rxh4 Qxg5 27. Qxg5 Bxg5 28. Rxh8 Rxh8 29. Rc7 Bc8 30. Be7 Bxe7 31. Rxe7 Rd8 32. Nd4 Rd7 33. Re8 Rc7 34. b6 Rc3 35. Nb5 Bd7 36. Rb8 Bxb5 37. axb5 Rxd3 38. Rxb7 Rb3 39. Ra7 Rxb5 40. b7 a4 41. Kf3 a3 42. Rxa3 Rxb7 43. Ke3 g5 44. Kf3 Kg6 45. Ra8 Kf5 46. Rg8 Kxe5 47. Rxg5+ f5 48. Rg8 Rb3+ 49. Ke2 Ke4 50. Re8 e5 51. Ra8 Rb2+ 52. Kf1 d4 53. Kg2 f4 54. Rd8 f3+ 55. Kg3 d3 56. Rd7 d2 57. Kg4 Ra2 58. Rd8 Rc2 59. Kg3 Ra2 60. Rd7 Rb2 61. Rd8 Ra2 62. Rd7 Kf5 63. Kxf3 e4+ 64. Ke3 Ra3+ 65. Kxd2 Kf4 66. Ke2 Ra2+ 67. Rd2 Rxd2+ 68. Kxd2 Kf3 69. Ke1 e3 70. fxe3 Kxe3 1/2-1/2


[Site "https://www.chess.com"]

[Event "Titled Tuesday Blitz August 1 Early 2023"]
[White "Quirke, Jeffrey"]
[Black "Romero Pallares, Daniel"]
[WhiteFideId "2013029"]
[BlackFideId "32025637"]
[WhiteElo "2251"]
[BlackElo "2459"]
[Result "0-1"]
[Round "6"]
[TimeControl "180+1"]
[Date "2023.08.01"]
[WhiteClock "0:00:00"]
[BlackClock "0:00:39"]
[Board "174"]

1. c4 g6 2. g3 Bg7 3. Bg2 Nf6 4. Nc3 O-O 5. Nf3 d6 6. O-O c6 7. d3 e5 8. b3 h6 9. Bb2 Be6 10. e4 Nbd7 11. d4 Bg4 12. dxe5 Nxe5 13. h3 Nxf3+ 14. Bxf3 Bxh3 15. Re1 Re8 16. Qd2 Ng4 17. Rad1 Ne5 18. Bh1 Bf8 19. f4 Ng4 20. Bf3 Qb6+ 21. Qd4 d5 22. Qxb6 axb6 23. exd5 Bc5+ 24. Kh1 Nf2+ 25. Kh2 Nxd1 26. Rxd1 Bd7 27. Ne4 Be7 28. a4 f5 29. Nf6+ Bxf6 30. Bxf6 Kf7 31. Be5 Rac8 32. Kg2 Re7 33. Rh1 h5 34. Ra1 cxd5 35. Bxd5+ Be6 36. Bf3 Rd7 37. Re1 Rcd8 38. Re2 Rd2 39. Kf2 R8d3 40. Bxb7 Rxe2+ 41. Kxe2 Rxb3 42. Bc7 Bxc4+ 0-1


[Site "https://www.chess.com"]

[Event "Titled Tuesday Blitz August 1 Early 2023"]
[White "De Souza, Cristiano Gomes"]
[Black "TomLiu777"]
[WhiteFideId "2151758"]
[WhiteElo "2215"]
[BlackElo "2451"]
[Result "0-1"]
[Round "6"]
[TimeControl "180+1"]
[Date "2023.08.01"]
[WhiteClock "0:00:11"]
[BlackClock "0:00:18"]
[Board "175"]

1. d4 Nf6 2. c4 c5 3. d5 e6 4. Nc3 exd5 5. cxd5 d6 6. h3 g6 7. e4 Bg7 8. Nf3 O-O 9. Bd3 b5 10. Nxb5 Re8 11. O-O Nxe4 12. Re1 a6 13. Na3 Nf6 14. Rxe8+ Nxe8 15. Nc4 Bb7 16. Ne3 Nd7 17. Rb1 Nb6 18. Bc2 Nc7 19. b4 c4 20. Qe2 Ncxd5 21. Nxd5 Nxd5 22. Qxc4 Rc8 23. Qd3 Nc3 24. Rb3 Be4 25. Qd2 Bxf3 26. gxf3 Qe7 27. Bb2 Ne2+ 28. Kf1 Bxb2 29. Rxb2 Qe5 30. Bb3 Nf4 31. Rb1 Qf5 32. Qb2 Re8 0-1


[Site "https://www.chess.com"]

[Event "Titled Tuesday Blitz August 1 Early 2023"]
[White "Luxama, Jacques Muller"]
[Black "Kokoszczynski, Jan"]
[WhiteFideId "11900113"]
[BlackFideId "1174460"]
[WhiteElo "2202"]
[BlackElo "2447"]
[Result "0-1"]
[Round "6"]
[TimeControl "180+1"]
[Date "2023.08.01"]
[WhiteClock "0:00:30"]
[BlackClock "0:00:15"]
[Board "176"]

1. e4 e5 2. Nf3 Nc6 3. Bc4 Bc5 4. d3 Nf6 5. O-O d6 6. c3 a6 7. d4 Ba7 8. dxe5 Nxe5 9. Nxe5 dxe5 10. Qxd8+ Kxd8 11. Bxf7 Rf8 12. Bb3 Nxe4 13. Be3 Bxe3 14. fxe3 Rxf1+ 15. Kxf1 Ke7 16. h3 Be6 17. Bc2 Rf8+ 18. Kg1 Ng3 19. Nd2 g6 20. Ne4 Nxe4 21. Bxe4 c6 22. a3 Rd8 23. Rf1 Bc4 24. Rf2 Rd1+ 25. Kh2 a5 26. Bf3 Re1 27. e4 Bd3 28. Bg4 Bxe4 29. Rd2 Bf5 30. Be2 Rb1 31. Kg3 Be6 32. Kf2 Bd5 33. c4 Be6 34. Ke3 Rc1 35. b3 Rc3+ 36. Rd3 Rxd3+ 37. Bxd3 Bf5 38. Be2 g5 39. b4 Kd6 40. Bf1 axb4 41. axb4 c5 42. b5 Kc7 43. g3 b6 44. g4 Bg6 45. Bg2 Kd6 46. Be4 Bf7 47. Kd3 h5 48. Bf5 Ke7 49. Be4 Kf6 50. Kc3 Be6 51. Bf3 hxg4 52. hxg4 e4 53. Bxe4 Ke5 54. Bf3 Kf4 55. Bd1 Bxg4 56. Bc2 Bf5 57. Bd1 g4 58. Bxg4 Bxg4 0-1


[Site "https://www.chess.com"]